 Dungeon Crawl Stone Soup version 0.29-a0-364-g921d912d32 (webtiles) character file.

Game seed: 7517190158579890582

165443 holysushi the Warrior (level 18, -9/131 HPs)
             Began as a Kobold Monk on Apr 30, 2022.
             Was the Champion of Wu Jian.
             Succumbed to a naga ritualist's splash of poison
             ... on level 4 of the Snake Pit.
             The game lasted 01:17:51 (32771 turns).

holysushi the Warrior (Kobold Monk)                Turns: 32771, Time: 01:17:52

Health: -9/131     AC: 35    Str: 14    XL:     18   Next: 51%
Magic:  18/18      EV: 19    Int: 11    God:    Wu Jian [******]
Gold:   1051       SH: 21    Dex: 31    Spells: 17/17 levels left

rFire   x . .      SeeInvis +   E - +3 rapier (vamp)
rCold   . . .      Faith    .   Y - +2 kite shield {reflect}
rNeg    + . .      Spirit   .   t - +10 shadow dragon scales of Hide-and-Seek {Harm +Inv rF- rN+ Stlth++++}
rPois   x          Reflect  +   n - +2 helmet
rElec   +          Harm     +   N - +2 cloak
rCorr   .          Rampage  .   (no gloves)
Will    +....      NoTele   +   K - +2 pair of boots
Stlth   +++++++++.              L - amulet "Siriw" {Reflect Fragile rElec Str+5 Slay+6 SH+5}
HPRegen 0.31/turn               m - +6 ring of dexterity
MPRegen 0.16/turn               w - ring of see invisible

@: lethally poisoned (-9 -> -74), untranslocatable, poison vulnerable, slowed,
constricted, studying Short Blades, very slow
A: small, no large weapons, nightstalker 3
a: Renounce Religion, Evoke Invisibility, Wall Jump, Serpent's Lash, Heavenly
Storm


You were on level 4 of the Snake Pit.
You worshipped Wu Jian.
Wu Jian was exalted by your worship.
You visited 5 branches of the dungeon, and saw 28 of its levels.
You also visited: Ossuary, Ice Cave and Volcano.

You collected 3037 gold pieces.
You spent 1986 gold pieces at shops.

Inventory:

Hand Weapons
 r - the +9 staff of Olgreb {rPois∞}
   (You found it on level 12 of the Dungeon)

   If the wielder is skilled in Evocations, they can envenom those struck by it,
   dealing poison damage which bypasses armour.
   It enhances your poison magic.
   It grants immunity to poison.
   It can be activated via the 'a'bility menu to radiate toxic energy, with
   effectiveness depending on Evocations skill.
 y - a +0 dagger of holy wrath
 E - a +3 vampiric rapier (weapon)
Missiles
 I - 3 throwing nets (quivered)
Armour
 n - a +2 helmet (worn)
 t - the +10 shadow dragon scales of Hide-and-Seek (worn) {Harm +Inv rF- rN+ Stlth++++}
   (You found it on level 12 of the Dungeon)

   rF:        It makes you vulnerable to fire.
   rN:        It protects you from negative energy.
   +Inv:      It lets you turn invisible.
   Harm:      It increases damage dealt and taken.
   Stlth:     It makes you much more stealthy.
 K - a +2 pair of boots (worn)
 N - a +2 cloak (worn)
 Y - a +2 kite shield of reflection (worn)
Jewellery
 m - a +6 ring of dexterity (left hand)
 w - a ring of see invisible (right hand)
 J - a ring of positive energy
 L - the amulet "Siriw" (around neck) {Reflect Fragile rElec Str+5 Slay+6 SH+5}
   (You bought it in a shop on level 2 of the Dungeon)

   [amulet of reflection]

   It reflects blocked missile attacks.
   Str:       It affects your strength (+5).
   Slay:      It affects your accuracy & damage with ranged weapons and melee
   (+6).
   rElec:     It insulates you from electricity.
   Fragile:   It will be destroyed if unequipped.
   SH:        It affects your SH (+5).
 P - a ring of willpower
Wands
 e - a wand of flame (62)
 h - a wand of polymorph (13)
 z - a wand of iceblast (4)
 B - a wand of charming (10)
 H - a wand of acid (14)
 O - a wand of mindburst (8)
 W - a wand of digging (3)
Scrolls
 a - a scroll of amnesia
 b - a scroll of summoning
 d - 5 scrolls of teleportation
 j - 6 scrolls of fog
 l - 5 scrolls of immolation
 o - 5 scrolls of fear
 F - 3 scrolls of holy word
 M - a scroll of vulnerability
 S - a scroll of magic mapping
 T - a scroll of enchant armour
 V - 2 scrolls of brand weapon
Potions
 c - 2 potions of ambrosia
 g - 3 potions of resistance
 i - 4 potions of cancellation
 k - 9 potions of haste
 q - 6 potions of flight
 s - 3 potions of mutation
 u - 3 potions of magic
 v - 3 potions of lignification
 x - 3 potions of berserk rage
 C - 8 potions of might
 D - 2 potions of brilliance
 Q - 2 potions of invisibility
 Z - 4 potions of attraction
Miscellaneous
 f - a box of beasts (inert)
 p - a lightning rod (4/4)
 R - a phial of floods
 U - a phantom mirror (inert)
 X - a piece from Xom's chessboard (15/15)


   Skills:
 - Level 20.4 Fighting
 + Level 20.3 Short Blades
 + Level 8.9 Armour
 - Level 19.2 Dodging
 - Level 15.0 Stealth
 + Level 6.9 Shields
 - Level 6.0 Evocations


You had 17 spell levels left.
You didn't know any spells.
Your spell library contained the following spells:

 Spells                   Type           Power      Damage    Failure   Level
 Animate Skeleton         Necr           0%         N/A       100%        1
 Apportation              Tloc           0%         N/A       100%        1
 Magic Dart               Conj           0%         1d3       100%        1
 Pain                     Necr           0%         1d4       100%        1
 Summon Small Mammal      Summ           0%         N/A       100%        1
 Call Imp                 Summ           0%         N/A       100%        2
 Sublimation of Blood     Necr           0%         N/A       100%        2
 Confusing Touch          Hex            0%         N/A       100%        3
 Conjure Flame            Conj/Fire      0%         6-21      100%        3
 Gell's Gravitas          Tloc           0%         N/A       100%        3
 Ignite Poison            Fire/Tmut/Pois 0%         N/A       100%        3
 Inner Flame              Hex/Fire       0%         N/A       100%        3
 Mephitic Cloud           Conj/Pois/Air  0%         N/A       100%        3
 Summon Guardian Golem    Hex/Summ       0%         N/A       100%        3
 Teleport Other           Tloc           0%         N/A       100%        3
 Cause Fear               Hex            0%         N/A       100%        4
 Leda's Liquefaction      Hex/Erth       0%         N/A       100%        4
 Petrify                  Tmut/Erth      0%         N/A       100%        4
 Sticky Flame             Conj/Fire      0%         2d3       100%        4
 Agony                    Necr           0%         N/A       100%        5
 Alistair's Intoxication  Tmut/Pois      0%         N/A       100%        5
 Excruciating Wounds      Necr           0%         N/A       100%        5
 Freezing Cloud           Conj/Ice/Air   0%         6-21      100%        5
 Irradiate                Conj/Tmut      0%         3d13      100%        5
 Lee's Rapid Deconstruct  Erth           0%         3d5*      100%        5
 Yara's Violent Unravell  Hex/Tmut       0%         3d3       100%        5
 Dispersal                Tloc           0%         N/A       100%        6
 Simulacrum               Ice/Necr       0%         N/A       100%        6
 Statue Form              Tmut/Erth      0%         N/A       100%        6
 Enfeeble                 Hex            0%         N/A       100%        7
 Orb of Destruction       Conj           0%         9d5       100%        7
 Spellforged Servitor     Conj/Summ      0%         N/A       100%        7
 Discord                  Hex            0%         N/A       100%        8
 Polar Vortex             Ice            0%         N/A       100%        9


Dungeon Overview and Level Annotations

Branches:
Dungeon (15/15)            Temple (1/1) D:5            Lair (6/6) D:9
 Shoals (0/4) Lair:3        Snake (4/4) Lair:2        Slime (0/5) Lair:5
    Orc (2/2) D:12            Elf (0/3) Orc:2        Vaults (0/5) D:13
 Depths (0/4) D:15        Ossuary (visited)           IceCv (visited)
Volcano (visited)

Altars:
Ashenzari
Cheibriados
Dithmenos
Elyvilon
Fedhas
Gozag
Hepliaklqana
Kikubaaqudgha
Makhleb
Nemelex Xobeh
Okawaru
Qazlal
Ru
Sif Muna
Trog
Uskayaw
Vehumet
Wu Jian
Xom
Yredelemnul
Zin
The Shining One
Beogh

Shops:
D:1 =   D:2 =   D:11 *   D:12 [   Orc:1 (   Orc:2 ?![(   Snake:1 (
Snake:2 :==   Snake:4 ?[[

Portals:
Bazaar: Snake:2

Annotations:
D:5 1 exclusion
D:6 1 exclusion
Lair:1 2 runed translucent doors, enile's ghost, journeyman FoVM
Snake:2 1 transporter, Rofid's ghost, journeyman DrCj; Roxanne


Innate Abilities, Weirdness & Mutations

You are small and have problems with some larger weapons.
You are completely attuned to the shadows.


Message History

You are lethally poisoned!
You feel better.
You are poisoned.
The naga ritualist's toxic aura wanes.
You block the naga ritualist's attack. x2
The nagaraja gestures wildly while chanting.
The nagaraja seems to speed up.
The guardian serpent casts a spell at you.
You easily resist.
The guardian serpent closely misses you.
The naga ritualist prays to its god.
The naga ritualist begins to radiate toxic energy.
You are more poisoned.
The nagaraja hits you with a +0 halberd!
The nagaraja grabs you. The nagaraja constricts you.
You block the guardian serpent's attack.
You hit the guardian serpent.
You feel better.
The guardian serpent is heavily wounded.
You feel very sick.
You are more poisoned.
You block the nagaraja's attack. The nagaraja constricts you.
The guardian serpent casts a spell at you.
You easily resist.
The guardian serpent casts a spell at you.
The bolt of poison hits you!!
You are lethally poisoned!
* * * LOW HITPOINT WARNING * * *
The naga ritualist spits poison at you.
The splash of poison hits you but does no damage.
You are more poisoned.
A naga warrior comes into view. It is wielding a +0 broad axe.
Unknown command.
Okay, then.
Okay, then.
Okay, then.
Press: ? - help, v - describe, . - travel
Here: a nagaraja, wielding a +0 halberd and wearing a +0 robe (almost dead, constricting you, fast)
The floor, spattered with blood.
Unknown command.
You hit the nagaraja but do no damage.
The nagaraja is almost dead.
You die...

#....# ##..# #...#. #....#
###...############.....
#...#######.....##.........#.....
#..##...........#..........#.....
#..#..)........##.........##.....
#..#.)..#########.........'.#..#.
...##.†.........###.......#..#.##
....###.....)..N.)##......#######
......########..@S.#.............
...... ##S.N.#.............
...... .....##.............
...... .....##..............
...... .N..##...............
....(. #................ ......
#................ .....#
##............... .....#
#<..............


You could see a nagaraja (fast), a naga warrior, a naga ritualist (toxic aura)
and 2 guardian serpents.

Vanquished Creatures
  Vashnia (Snake:2)
  Nikola (Snake:4)
  Asterion (Snake:4)
  Gastronok (D:11)
  Kirke (D:12)
  2 nagarajas
  2 orc warlords
  Aizul (Snake:4)
  A stone giant (D:12)
  Azrael (D:13)
  A fire dragon (Lair:6)
  Josephine (Snake:1)
  Harold (D:9)
  A salamander tyrant (Snake:2)
  11 hydras
  6 boulder beetles
  A catoblepas (D:13)
  Erolcha (D:9)
  2 ironbound frosthearts (IceCv)
  6 centaur warriors
  10 anacondas
  2 two-headed ogres
  An alligator (Lair:5)
  13 naga warriors
  2 tengu warriors (D:14)
  16 death yaks
  An orc high priest (Orc:2)
  Nergalle (D:11)
  5 shock serpents
  Sonja (D:10)
  10 naga sharpshooters
  Amaemon (Lair:3)
  A fire crab (Lair:5)
  A salamander mystic (Snake:3)
  4 naga ritualists
  An obsidian statue (Snake:2)
  Pikel (D:6)
  5 deep elf pyromancers
  6 orc knights (Orc:2)
  2 necromancers
  A lindwurm (Lair:6)
  2 manticores
  2 orc sorcerers (D:15)
  6 cyclopes
  15 mana vipers
  7 salamanders
  21 elephants
  Joseph (D:8)
  22 black mambas
  4 guardian serpents
  12 naga magi
  2 molten gargoyles (Lair:6)
  A torpor snail (Lair:5)
  An ice statue (IceCv)
  An orange demon (Lair:3)
  A centaur skeleton (D:15)
  2 rime drakes
  16 cane toads
  Psyche (D:9)
  An efreet (D:14)
  13 komodo dragons
  2 tengu conjurers (D:15)
  2 freezing wraiths (D:14)
  6 trolls
  3 meliai (D:15)
  A wind drake (Lair:3)
  16 polar bears
  2 hornets
  A wolf spider simulacrum (D:15)
  5 slime creatures (D:14)
  Prince Ribbit (D:9)
  6 dream sheep (Lair:6)
  A meliai zombie (D:10)
  14 blink frogs
  A vampire (D:14)
  7 wyverns
  3 centaur simulacra
  A water elemental (D:14)
  Sigmund (D:5)
  49 yaks
  6 wraiths
  3 fire elementals (D:13)
  A steam dragon (Lair:6)
  8 basilisks
  4 vampire mosquitoes (D:13)
  6 wargs (Orc:2)
  A naga (shapeshifter) (D:14)
  36 nagas
  20 water moccasins
  7 hell hounds
  An ice beast (D:8)
  A swamp drake (Orc:1)
  34 orc warriors
  4 black bears
  A sky beast (D:6)
  25 wolves
  12 ogres
  7 centaurs
  9 necrophages
  2 gnoll sergeants
  11 bullfrogs
  3 scorpions
  9 wights
  16 killer bees
  6 electric eels
  9 howler monkeys
  A crimson imp (Orc:1)
  5 lava snakes (Lair:6)
  6 centaur zombies
  An iron imp (Orc:1)
  4 jellies
  8 orc priests
  A human zombie (D:10)
  10 hounds
  An iguana (D:5)
  18 orc wizards
  A hell rat (Lair:5)
  A howler monkey zombie (D:10)
  7 mummies
  14 gnolls
  5 adders
  2 shadow imps
  3 white imps
  A worm (D:4)
  3 dart slugs
  86 orcs
  6 ball pythons
  7 endoplasms
  2 giant cockroaches (D:1)
  2 gnoll zombies
  6 hobgoblins
  4 jackals (D:3)
  3 quokkas
  4 frilled lizards
  9 goblins
  4 goblin zombies (Ossuary)
  A jackal zombie (D:6)
  6 kobolds
  2 kobold zombies (Ossuary)
  6 rats
  A spectral hobgoblin (D:2)
864 creatures vanquished.

Vanquished Creatures (collateral kills)
  A black mamba (Snake:3)
1 creature vanquished.

Vanquished Creatures (others)
  3 humans (D:12)
  2 ogres (D:12)
  35 fungi
  31 plants
  6 toadstools (Lair:1)
77 creatures vanquished.

Grand Total: 942 creatures vanquished

Notes
Turn   | Place    | Note
-------+----------+-------------------------------------------
     0 | D:1      | holysushi the Kobold Monk began the quest for the Orb.
     0 | D:1      | Reached XP level 1. HP: 14/14 MP: 1/1
   272 | D:1      | Reached XP level 2. HP: 19/19 MP: 2/2
   391 | D:1      | Found Raenomm's Jewellery Shoppe.
   694 | D:1      | Reached skill level 5 in Short Blades
   694 | D:1      | Reached XP level 3. HP: 18/24 MP: 3/3
  1399 | D:2      | Found Aduoc's Jewellery Shoppe.
  1671 | D:2      | Found a faded altar of an unknown god.
  2212 | D:3      | Reached XP level 4. HP: 25/29 MP: 4/4
  3073 | D:4      | HP: 1/29 [gnoll/+0 spear (1)]
  3757 | D:4      | Reached XP level 5. HP: 5/33 MP: 5/5
  4094 | D:4      | Found a sacrificial altar of Ru.
  4127 | D:4      | Noticed a water moccasin
  4153 | D:4      | Killed a water moccasin
  4154 | D:4      | Reached skill level 5 in Fighting
  4154 | D:4      | Reached XP level 6. HP: 27/40 MP: 6/6
  4428 | D:5      | Entered Level 5 of the Dungeon
  4790 | D:5      | Found a staircase to the Ecumenical Temple.
  4797 | Temple   | Entered the Ecumenical Temple
  5122 | Temple   | Became a worshipper of the Wu Jian Council
  5122 | Temple   | Reached * piety under Wu Jian
  5122 | Temple   | Reached ** piety under Wu Jian
  5402 | D:5      | Identified the +9 whip "Remonu" {freeze, rC+ Will+ Str+3
                  | Int-2}
  5416 | D:5      | Reached XP level 7. HP: 44/44 MP: 7/7
  5431 | D:5      | Noticed Sigmund
  5434 | D:5      | Killed Sigmund
  5435 | D:5      | Reached skill level 1 in Evocations
  6027 | D:5      | Found a hide-covered altar of Uskayaw.
  6279 | D:6      | Noticed a water moccasin
  6293 | D:6      | Killed a water moccasin
  6331 | D:6      | Reached XP level 8. HP: 21/51 MP: 8/8
  6485 | D:6      | Found a sand-covered staircase.
  6501 | Ossuary  | Entered an ossuary
  6845 | D:6      | Found a sparkling altar of Nemelex Xobeh.
  6934 | D:6      | Reached skill level 10 in Short Blades
  6984 | D:6      | Found a broken altar of Ashenzari.
  7068 | D:6      | Found a stormy altar of Qazlal.
  7455 | D:6      | Found an opulent altar of Gozag.
  7581 | D:7      | Found a shadowy altar of Dithmenos.
  7587 | D:7      | Noticed Pikel
  7611 | D:7      | Reached skill level 5 in Dodging
  7724 | D:6      | Killed Pikel
  7725 | D:6      | Reached XP level 9. HP: 31/57 MP: 9/9
  8238 | D:7      | Reached *** piety under Wu Jian
  8240 | D:7      | Found a radiant altar of Vehumet.
  9628 | D:8      | Noticed Joseph
  9650 | D:8      | Killed Joseph
  9819 | D:8      | Reached XP level 10. HP: 64/64 MP: 10/10
 10153 | D:9      | Noticed Psyche
 10164 | D:9      | Killed Psyche
 10205 | D:9      | Found a staircase to the Lair.
 10367 | D:9      | Found an ancient bone altar of Kikubaaqudgha.
 10607 | D:9      | Noticed Erolcha
 10779 | D:9      | Noticed Prince Ribbit
 10782 | D:9      | Killed Prince Ribbit
 10845 | D:9      | Found a bloodstained altar of Trog.
 10912 | D:9      | Noticed Harold
 10965 | D:9      | Killed Harold
 10979 | D:9      | Killed Erolcha
 10980 | D:9      | Reached skill level 15 in Short Blades
 10980 | D:9      | Reached XP level 11. HP: 28/71 MP: 11/11
 11204 | D:10     | Entered Level 10 of the Dungeon
 11234 | D:10     | Found a basalt altar of Yredelemnul.
 11240 | D:10     | Reached **** piety under Wu Jian
 11270 | D:10     | Reached skill level 10 in Fighting
 11283 | D:10     | Reached skill level 5 in Stealth
 11291 | D:10     | Reached skill level 10 in Dodging
 11407 | D:10     | Noticed Sonja
 12032 | Lair:1   | Entered Level 1 of the Lair of Beasts
 12032 | Lair:1   | Noticed a seven-headed hydra
 12033 | Lair:1   | Killed a seven-headed hydra
 12107 | Lair:1   | Found a dark tunnel.
 12113 | Volcano  | Entered a volcano
 12127 | Volcano  | Noticed a two-headed ogre
 12127 | Volcano  | Noticed a hell hog
 12127 | Volcano  | Noticed a salamander
 12128 | Volcano  | Noticed a two-headed ogre
 12512 | Lair:1   | Reached XP level 12. HP: 79/79 MP: 12/12
 12585 | Lair:1   | Noticed a catoblepas
 12586 | Lair:1   | Noticed a catoblepas
 12607 | Lair:1   | Found a runed translucent door.
 12703 | Lair:1   | Found a runed translucent door.
 12706 | Lair:1   | Noticed a spriggan rider
 13059 | Lair:1   | Noticed enile's ghost (journeyman FoVM)
 13237 | Lair:1   | Identified the +6 spear of Cewail {vorpal, Will- Dex+7}
 13379 | Lair:2   | Reached ***** piety under Wu Jian
 13698 | Lair:2   | Found a staircase to the Snake Pit.
 14134 | Lair:3   | Found a staircase to the Shoals.
 14715 | Lair:3   | Noticed a four-headed hydra
 14724 | Lair:3   | Killed a four-headed hydra
 14725 | Lair:3   | Reached XP level 13. HP: 60/88 MP: 13/13
 14733 | Lair:3   | Noticed Amaemon
 14946 | Lair:3   | Killed Amaemon
 15377 | Lair:4   | Noticed a seven-headed hydra
 15505 | Lair:4   | Killed a seven-headed hydra
 15995 | Lair:4   | Noticed an eight-headed hydra
 15998 | Lair:4   | Killed an eight-headed hydra
 16313 | Lair:5   | Identified a scroll of acquirement
 16313 | Lair:5   | Acquired a manual of Fighting
 16388 | Lair:5   | Reached skill level 15 in Dodging
 16466 | Lair:5   | Reached skill level 15 in Fighting
 16735 | Lair:5   | Reached XP level 14. HP: 100/100 MP: 14/14
 16843 | Lair:5   | Identified the +3 broad axe of the Absolute Madman {elec,
                  | rElec}
 17004 | Lair:5   | Found a frozen archway.
 17010 | IceCv    | Entered an ice cave
 17027 | IceCv    | Reached ****** piety under Wu Jian
 17294 | IceCv    | Reached skill level 5 in Evocations
 18497 | D:2      | Bought the amulet "Siriw" {Reflect Fragile rElec Str+5
                  | Slay+6 SH+5} for 1037 gold pieces
 18861 | Lair:5   | Found a shadowy altar of Dithmenos.
 18885 | Lair:5   | Found a staircase to the Slime Pits.
 19250 | Lair:6   | Entered Level 6 of the Lair of Beasts
 19261 | Lair:6   | Reached skill level 10 in Stealth
 19371 | Lair:6   | Reached XP level 15. HP: 109/109 MP: 15/15
 20338 | Lair:6   | Found a large runed translucent door.
 20339 | Lair:6   | Found a large runed translucent door.
 20952 | D:10     | Killed Sonja
 21099 | D:10     | Found a basalt altar of Yredelemnul.
 21333 | D:10     | Found a glowing golden altar of the Shining One.
 21806 | D:11     | Noticed Gastronok
 21824 | D:11     | Killed Gastronok
 21880 | D:11     | Found Udesol's General Store.
 21881 | D:11     | Noticed Nergalle
 21884 | D:11     | Killed Nergalle
 22877 | D:12     | Noticed Kirke
 22891 | D:12     | Killed Kirke
 22892 | D:12     | Found a staircase to the Orcish Mines.
 23066 | D:12     | Found Gizauw's Armour Boutique.
 23180 | D:12     | Noticed a stone giant
 23186 | D:12     | Found the +9 staff of Olgreb {rPois∞}
 23208 | D:12     | Killed a stone giant
 23209 | D:12     | Reached XP level 16. HP: 112/118 MP: 16/16
 23227 | D:12     | Identified the +10 shadow dragon scales of Hide-and-Seek
                  | {Harm +Inv rF- rN+ Stlth++++}
 23229 | D:12     | You fall into a shaft and drop 1 floor!
 23283 | D:13     | Noticed Azrael
 23298 | D:13     | Killed Azrael
 24152 | D:13     | Found a gate to the Vaults.
 24457 | Orc:1    | Entered Level 1 of the Orcish Mines
 24573 | Orc:1    | Reached skill level 15 in Stealth
 24669 | Orc:1    | Found Zurphips's Weapon Boutique.
 25154 | Orc:2    | Entered Level 2 of the Orcish Mines
 25410 | Orc:2    | Found Wadoy's Antique Armour Shoppe.
 25441 | Orc:2    | Found His Hor's Antique Weapon Boutique.
 25512 | Orc:2    | Found a staircase to the Elven Halls.
 25579 | Orc:2    | Found Cudghot's Magic Scroll Shoppe.
 25600 | Orc:2    | Bought a scroll of blinking for 105 gold pieces
 25600 | Orc:2    | Bought a scroll of teleportation for 42 gold pieces
 25600 | Orc:2    | Bought a scroll of enchant armour for 105 gold pieces
 25623 | Orc:2    | Found Waklokei's Distillery.
 26147 | Orc:2    | Bought a potion of resistance for 170 gold pieces
 26147 | Orc:2    | Bought a potion of berserk rage for 85 gold pieces
 26147 | Orc:2    | Bought a potion of curing for 51 gold pieces
 26147 | Orc:2    | Bought a potion of curing for 51 gold pieces
 26147 | Orc:2    | Bought a potion of might for 68 gold pieces
 26147 | Orc:2    | Bought a potion of haste for 170 gold pieces
 26147 | Orc:2    | Bought 2 potions of attraction for 102 gold pieces
 26323 | D:14     | Reached skill level 1 in Armour
 26800 | D:14     | Identified the +4 flail of Zulith {freeze, Dex+7}
 27108 | D:15     | Entered Level 15 of the Dungeon
 27403 | D:15     | Paralysed by an orc sorcerer for 7 turns
 27836 | D:15     | Found a staircase to the Depths.
 27839 | D:15     | Reached skill level 5 in Armour
 27839 | D:15     | Reached XP level 17. HP: 124/124 MP: 17/17
 28391 | Snake:1  | Entered Level 1 of the Snake Pit
 28405 | Snake:1  | Reached skill level 1 in Shields
 28477 | Snake:1  | Noticed Josephine
 28490 | Snake:1  | Killed Josephine
 28630 | Snake:1  | Acquired a manual of Short Blades
 28999 | Snake:1  | Found Veoffen's Weapon Emporium.
 29289 | Snake:2  | Found a transporter.
 29305 | Snake:2  | Found a transporter.
 29306 | Snake:2  | Noticed Rofid's ghost (journeyman DrCj)
 29527 | Snake:2  | Noticed Roxanne
 29581 | Snake:2  | Found a gateway to a bazaar.
 29628 | Snake:2  | Found Enlor's Jewellery Boutique.
 29628 | Snake:2  | Found Vaphaino's Jewellery Boutique.
 29629 | Snake:2  | Found Wekaud's Book Emporium.
 29770 | Snake:3  | Found a white marble altar of Elyvilon.
 29772 | Snake:3  | HP: 1/124 [poisoned by a guardian serpent (bolt of poison)]
 30072 | Snake:3  | Reached skill level 5 in Shields
 31113 | Snake:4  | Entered Level 4 of the Snake Pit
 31159 | Snake:4  | Noticed Asterion
 31552 | Snake:2  | Noticed Vashnia
 31595 | Snake:1  | Reached XP level 18. HP: 131/131 MP: 18/18
 31614 | Snake:2  | Killed Vashnia
 31906 | Snake:2  | Found the +12 glaive of Prune {vorpal}
 32218 | Snake:4  | Noticed Aizul
 32221 | Snake:4  | Killed Aizul
 32266 | Snake:4  | Found Piats's Magic Scroll Emporium.
 32316 | Snake:4  | Found Gaebuin's Antique Armour Shoppe.
 32317 | Snake:4  | Noticed Nikola
 32320 | Snake:4  | Killed Nikola
 32357 | Snake:4  | Found Fucunal's Antique Armour Emporium.
 32482 | Snake:4  | Killed Asterion
 32771 | Snake:4  | Succumbed to a naga ritualist's splash of poison

Illustrated notes

Levels and vault maps discovered:
D:1:      kilobyte_arrival_exit_the_forest, layout_loops_ring, serial_shops,
          shop, serial_park_tiny_1
D:2:      layout_basic, dreamdust_ecumenical_altar_drowned_temple, serial_shops,
          shop, grunt_decor_one_mirror
D:3:      layout_basic, corexii_item_surrounded_by_moat
D:4:      dreamdust_elfheim, layout_loops_ring, nicolae_overflow_crystal_walls,
          minmay_misc_feat_room, st_stairs_14
D:5:      layout_layer_cave, nicolae_uskayaw_suspiria, lemuel_temple_firewalk_b,
          minivault_5, uniq_sigmund
D:6:      layout_cave_pools, grunt_qazlal_sundering,
          ashenzari_conservatory_becter, nemelex_spade_bored_becter,
          lemuel_tele_altar, enter_ossuary_3
D:7:      layout_loops_cross, mainiacjoe_overflow_tiny_flanked,
          nicolae_dithmenos_shadow_blocks, uniq_pikel
D:8:      layout_gridville, uniq_joseph
D:9:      layout_stronghold, lemuel_doored_altar, mainiacjoe_overflow_alcove_2,
          erik_lair_island, uniq_harold, uniq_psyche, uniq_erolcha,
          uniq_prince_ribbit1
D:10:     layout_loops_ring, kennysheep_mini_moat,
          lemuel_mausoleum_altar_yredelemnul, kennysheep_flooded_box, uniq_sonja
D:11:     layout_basic, serial_shops, shop, nicolae_sextant,
          kennysheep_pointless_box, uniq_gastronok, uniq_nergalle
D:12:     cheibrodos_monumental, layout_basic, orc_0_dummy, serial_shops,
          nicolae_lakefront_shop, uniq_kirke
D:13:     layout_basic, david_vaults_1, uniq_azrael
D:14:     layout_roguey, kennysheep_minor_cross
D:15:     grunt_enter_depths_magical_seal, layout_basic
Temple:   jpeg_temple_alley_garden
Lair:1:   gammafunk_lair_enchanted_lake, layout_gridlike,
          ebering_ghost_funeral_grove, enter_volcano_4, gammafunk_lair_bear_cave
Lair:2:   layout_loops_ring, dummy_snake_entry, st_stairs_10,
          small_statue_intersection
Lair:3:   layout_cave_shapes, minmay_shoals_entry_beasts, roderic_carrion_pond,
          uniq_amaemon
Lair:4:   layout_loops_ring, minivault_11, grunt_forest_small_clearing_treed,
          serial_bayou_shore_a
Lair:5:   layout_loops_ring, nicolae_slime_entry_slimehenge,
          portal_ice_cave_entry_pillars_1, basic_altar, st_stairs_8,
          nicolae_lair_lakeside_cave
Lair:6:   cheibrodos_lair_end_hotspot, layout_regular_city, st_stairs_3
Snake:1:  layout_grid_shapes, serial_shops, nicolae_shop_bloodbath_and_beyond,
          uniq_josephine
Snake:2:  layout_rooms, serial_shops, statue_bzr,
          gammafunk_ghost_berserking_beasts, st_stairs_9,
          nicolae_snake_boneroom, minmay_shop_grove, uniq_vashnia, uniq_roxanne
Snake:3:  cheibrodos_forgotten_conduit, layout_layer_cave, basic_altar,
          st_stairs_7, drop_trap, hangedman_corner_corridor
Snake:4:  grunt_snake_rune_serpentine_throne, layout_cave_town, serial_shops,
          nicolae_shop_statue_plus, shop_fountains,
          nicolae_shop_advertising_works [nicolae_subvault_shop_adworks],
          uniq_aizul, uniq_mara, uniq_nikola, uniq_asterion
Orc:1:    layout_caves, serial_shops, shop, hangedman_minor_magic
Orc:2:    st_orc_town, layout_caves, hellmonk_bongcloud_opening

Skill      XL: |  1  2  3  4  5  6  7  8  9 10 11 12 13 14 15 16 17 18 |
---------------+-------------------------------------------------------+-----
Short Blades   | 5 6 7 8 9 11 13 15 16 17 18 20 | 20.3
Fighting       | 4 5 7 8 9 10 13 16 18 19 20 | 20.4
Evocations     | 2 4 6 |  6.0
Dodging        | 4 6 7 9 10 13 15 17 18 19 | 19.2
Stealth        | 7 8 10 14 15 | 15.0
Armour         | 5 7 8 |  8.9
Shields        | 5 6 |  6.9

Action                   |  1- 3 |  4- 6 |  7- 9 | 10-12 | 13-15 | 16-18 || total
-------------------------+-------+-------+-------+-------+-------+-------++-------
Melee: Short sword       |    97 |    90 |   203 |       |       |       ||   390
       Punch             |       |       |     3 |     7 |    29 |    13 ||    52
       Rapier            |       |       |   111 |   642 |  1762 |  1248 ||  3763
Invok: Lunge             |       |     1 |    17 |    37 |    81 |   119 ||   255
       Whirlwind         |       |       |    44 |   180 |   423 |   295 ||   942
       Serpent's Lash    |       |       |     1 |       |     1 |       ||     2
       Heavenly Storm    |       |       |       |       |       |     2 ||     2
 Abil: Wall Jump         |       |       |     1 |       |       |       ||     1
Evoke: Wand              |       |       |     1 |    13 |     8 |     1 ||    23
       Phantom mirror    |       |       |       |       |       |     2 ||     2
       Box of beasts     |       |       |       |       |       |     1 ||     1
  Use: Scroll            |       |    10 |     9 |     4 |     9 |    12 ||    44
       Potion            |       |     6 |     1 |     4 |     4 |    14 ||    29
 Stab: Sleeping          |    15 |    15 |     8 |    33 |    78 |   119 ||   268
       Distracted        |     1 |       |     9 |     2 |    12 |     4 ||    28
       Invisible         |       |       |     1 |       |       |       ||     1
       Held in net/web   |       |       |       |     1 |       |       ||     1
Armor: Robe              |    12 |    10 |    19 |     5 |       |       ||    46
       Troll leather arm |       |       |       |    23 |    93 |    13 ||   129
       Shadow dragon sca |       |       |       |       |       |   148 ||   148
Dodge: Dodged            |    61 |    69 |   119 |   339 |  1033 |   590 ||  2211
Block: Other             |       |       |    29 |    88 |   193 |    80 ||   390
       Reflection        |       |       |       |     1 |     2 |    50 ||    53
       Buckler           |       |       |       |       |       |   233 ||   233
       Kite shield       |       |       |       |       |       |   124 ||   124

Table legend: (Time is in decaauts)
 A = Elapsed time spent in this place.
 B = Non-inter-level travel time spent in this place.
 C = Inter-level travel time spent in this place.
 D = Time resting spent in this place.
 E = Time spent auto-exploring this place.
 F = Levels seen in this place.
 G = Mean time per level.
                   A        B        C        D        E       F      G
               +--------+--------+--------+--------+--------+-----+--------+
         Total |  31941 |  29380 |   2561 |   3539 |  19256 |  31 | 1030.4 |
       Dungeon |  17200 |  15718 |   1482 |   2391 |  10817 |  15 | 1146.7 |
        Temple |    366 |    318 |     48 |      0 |    249 |   1 |  366.0 |
          Lair |   7137 |   6434 |    703 |    499 |   4169 |   6 | 1189.5 |
     Snake Pit |   4280 |   4023 |    257 |    579 |   2350 |   4 | 1070.0 |
  Orcish Mines |   1627 |   1557 |     70 |      0 |   1075 |   2 |  813.5 |
       Ossuary |    318 |    318 |      0 |     70 |     72 |   1 |  318.0 |
      Ice Cave |    973 |    973 |      0 |      0 |    523 |   1 |  973.0 |
       Volcano |     34 |     34 |      0 |      0 |      0 |   1 |   34.0 |
               +--------+--------+--------+--------+--------+-----+--------+

Top non-repeatable levels by time:
     D:9: 1850 daAuts
     D:3: 1742 daAuts
 Snake:3: 1585 daAuts
     D:5: 1491 daAuts
  Lair:6: 1484 daAuts
  Lair:1: 1310 daAuts
     D:8: 1288 daAuts
     D:6: 1285 daAuts
  Lair:4: 1255 daAuts
     D:1: 1237 daAuts
    D:13: 1236 daAuts
  Lair:5: 1142 daAuts
  Lair:3: 1102 daAuts
    D:11: 1054 daAuts
     D:2: 1043 daAuts
